 Dungeon Crawl Stone Soup version 0.31.0 (webtiles) character file.

Game seed: 3640300312288337063

77 qw the Shooter (level 4, -2/28 HPs)
             Began as a Gargoyle Hunter on Jan 20, 2024.
             Slain by an orc
             ... wielding a +2 heavy flail
              (9 damage)
             ... on level 2 of the Dungeon.
             The game lasted 00:00:07 (1431 turns).

qw the Shooter (Gargoyle Hunter)                    Turns: 1431, Time: 00:00:07

Health: -2/28      AC: 11    Str: 15    XL:     4   Next: 33%
Magic:  4/4        EV: 11    Int:  9    God:
Gold:   134        SH:  0    Dex: 15    Spells: 3/3 levels left

rFire   . . .        a - +0 shortbow
rCold   . . .        (shield currently unavailable)
rNeg    + . .        h - +0 ring mail
rPois   inf          (no helmet)
rElec   +            (no cloak)
rCorr   .            i - +2 pair of gloves
SInv    .            (no boots)
Will    .....        (no amulet)
Stlth   +            (no ring)
HPRegen 0.24/turn    (no ring)
MPRegen 0.09/turn

%: no passive effects
@: no status effects
A: sickness immunity, AC +3, negative energy resistance 1, electricity
resistance, torment resistance 1, petrification resistance
a: no special abilities


You were on level 2 of the Dungeon.
You visited 1 branch of the dungeon, and saw 3 of its levels.

You collected 134 gold pieces.


Innate Abilities, Weirdness & Mutations

You are immune to sickness and miasma.
Your stone body is resilient. (AC +3)
You are immune to poison.
You resist negative energy. (rN+)
You are resistant to electric shocks. (rElec)
You are resistant to unholy torment.
You are immune to petrification.


   Skills:
 - Level 3.0 Fighting
 + Level 5.2 Ranged Weapons
 - Level 1.0 Armour
 - Level 1.5 Dodging
 - Level 1.1 Stealth


You had 3 spell levels left.
You didn't know any spells.
Your spell library was empty.

Inventory:

Hand Weapons
 a - a +0 shortbow (weapon)
Armour
 h - a +0 ring mail (worn)
 i - a +2 pair of gloves (worn)
Potions
 e - a potion of resistance {unknown}
 f - a potion of magic {unknown}
 g - a potion of brilliance {unknown}
 j - a potion of heal wounds {unknown}

Dungeon Overview and Level Annotations

Branches:
Dungeon (3/15)

Altars:
Xom


Message History

HP restored.
Done exploring.
What level of the Dungeon? (default 3, ? - help)
There is an open door here.
There is a stone staircase leading down here.
You climb downwards.
The orc closely misses you.
There is a stone staircase leading up here.
There are monsters nearby!
You shoot an arrow.
The arrow hits the orc but does no damage.
The orc completely misses you. The orc barely misses you.
The orc hits you but does no damage.
You shoot an arrow. The arrow closely misses the orc.
The orc closely misses you. The orc hits you but does no damage.
The orc barely misses you. The orc hits you but does no damage.
You shoot an arrow. The arrow barely misses the orc.
The orc hits you but does no damage. The orc closely misses you.
A giant cockroach comes into view.
The orc hits you but does no damage. The orc closely misses you.
1426 ||| STAIRDANCE The orc hits you with a +0 hand axe.
The orc hits you but does no damage.
You climb upwards.
There is a stone staircase leading down here.
You shoot an arrow. The arrow hits the orc.
The orc is heavily wounded.
The orc hits you with a +2 heavy flail. The orc hits you with a +0 hand axe.
The orc hits you with a +0 dagger.
You shoot an arrow. The arrow closely misses the orc.
The orc hits you with a +0 hand axe. The orc hits you but does no damage.
The orc hits you with a +2 heavy flail!
You shoot an arrow. The arrow closely misses the orc.
The orc hits you but does no damage. The orc hits you with a +0 dagger.
The orc hits you but does no damage. The orc closely misses you.
The orc hits you but does no damage.
You shoot an arrow.
The arrow hits the orc but does no damage.
The orc is heavily wounded.
The orc closely misses you. The orc hits you but does no damage.
The orc hits you with a +2 heavy flail!
You die...

#.........#~~7~~7~~.#.#.....##
#..........~777777P...........
#.........P~77 7~~.#########.
#.........P~P7777~~P# #.
#.......<..P~77P~~~~# #.
#...........~P~P~P.## #.
#............PP....##########.
#.........###oPPP..##.........
####'#......o@o....##.........
#.#.###########([#.........
#.#.# ##........... #####.#.#
##### ##.......... #.....#.#
#...# ##....#####
#.#####.#####.#.# #....'...#
#.# #.......#.# #)...###.. #.#
#########.# #....# ##. #.#####
#.# #....## ##


You could see 3 orcs.

Vanquished Creatures
  An adder (D:2)
  A ribbon worm (D:2)
  2 orcs (D:3)
  6 ball pythons
  6 bats
  3 endoplasms
  7 giant cockroaches
  5 goblins
  10 hobgoblins
  2 quokkas (D:1)
  3 frilled lizards (D:2)
  5 kobolds
  3 rats (D:1)
54 creatures vanquished.

Notes
Turn   | Place    | Note
-------+----------+-------------------------------------------
     0 | D:1      | qw the Gargoyle Hunter began the quest for the Orb.
     0 | D:1      | Reached XP level 1. HP: 12/12 MP: 1/1
     0 | D:1      | 0 ||| qw: Version: 0.3-a-132-g3d54051
     0 | D:1      | 0 ||| qw: Game counter: 521
     0 | D:1      | 0 ||| qw: Melee chars always use a shield: true
     0 | D:1      | 0 ||| qw: God list: Okawaru
     0 | D:1      | 0 ||| qw: Allow faded altars: false
     0 | D:1      | 0 ||| qw: Do Orc after clearing Dungeon:15 true
     0 | D:1      | 0 ||| qw: Do second Lair branch before Depths: true
     0 | D:1      | 0 ||| qw: Lair rune preference: random
     0 | D:1      | 0 ||| qw: Goals: Normal
     0 | D:1      | 0 ||| PLANNING D:1-11
   104 | D:1      | Reached XP level 2. HP: 17/17 MP: 2/2
   432 | D:1      | Reached XP level 3. HP: 21/21 MP: 3/3
   635 | D:1      | 635 ||| UPGRADING to +0 ring mail.
   645 | D:1      | 645 ||| DROPPING +0 leather armour.
   646 | D:1      | 646 ||| UPGRADING to +0 pair of gloves.
   651 | D:1      | 651 ||| READING 2 scrolls labelled TATATY SEDYICS.
   651 | D:1      | 651 ||| ENCHANTING +0 pair of gloves.
   652 | D:1      | 652 ||| READING scroll of enchant armour.
   652 | D:1      | 652 ||| ENCHANTING +1 pair of gloves.
   653 | D:1      | 653 ||| READING scroll labelled OSIOSEWOUPS.
   657 | D:1      | 657 ||| READING scroll labelled XULUAH WAEMOQA.
   658 | D:1      | 658 ||| DROPPING scroll of butterflies.
   819 | D:2      | Found a shimmering altar of Xom.
   830 | D:2      | Reached skill level 1 in Armour
   832 | D:2      | Reached skill level 5 in Ranged Weapons
   861 | D:2      | 861 ||| FLEEEEING.
   955 | D:2      | Reached XP level 4. HP: 27/27 MP: 4/4
   962 | D:2      | Reached skill level 3 in Fighting
  1302 | D:2      | 1302 ||| READING scroll labelled MUITTU WYAMAOM.
  1303 | D:2      | 1303 ||| READING scroll labelled HAWOBB BOIT.
  1304 | D:2      | 1304 ||| DRINKING 3 lumpy pink potions.
  1330 | D:2      | 1330 ||| DROPPING 2 potions of lignification.
  1399 | D:3      | 1399 ||| FLEEEEING.
  1400 | D:3      | 1400 ||| FLEEEEING.
  1402 | D:3      | 1402 ||| FLEEEEING.
  1403 | D:3      | 1403 ||| FLEEEEING.
  1404 | D:3      | 1404 ||| FLEEEEING.
  1405 | D:3      | 1405 ||| STAIRDANCE
  1426 | D:3      | 1426 ||| STAIRDANCE
  1429 | D:2      | HP: 7/28 [orc/+2 heavy flail (9)]
  1431 | D:2      | Slain by an orc

Levels and vault maps discovered:
D:1:      dpeg_arrival_rooms_c, layout_basic
D:2:      layout_basic, basic_altar, serial_bayou_pond_c, corexii_shack,
          hex_tiny, serial_bayou_ford_a, minmay_worlds_worst_comb
D:3:      layout_basic, mainiacjoe_overflow_six_doors_small, minitemple,
          serial_shops, shop, uniq_crazy_yiuf_cottage

Skill      XL: |  1  2  3  4 |
---------------+-------------+-----
Armour         | 1 |  1.0
Ranged Weapons | 5 |  5.2
Fighting       | 3 |  3.0
Dodging        | |  1.5
Stealth        | |  1.1

Action                     |  1- 3 |  4- 6 || total
---------------------------+-------+-------++-------
   Fire: Shortbow          |   121 |    50 ||   171
    Use: Scroll            |     4 |     2 ||     6
         Potion            |       |     1 ||     1
 Armour: Leather armour    |    13 |       ||    13
         Ring mail         |    51 |    31 ||    82
  Dodge: Dodged            |    63 |    17 ||    80

Table legend:
 A = Non-vault XP
 B = Vault XP
 C = Vault XP percentage of total XP
 D = Non-vault monster count
 E = Vault monster count
 F = Vault count percentage of total count
                 A         B        C        D         E       F
            +---------+---------+-------+---------+---------+-------
      Total |     101 |       9 |   8.2 |      49 |       5 |   9.3
            +---------+---------+-------+---------+---------+-------
        D:1 |      38 |       0 |   0.0 |      22 |       0 |   0.0
        D:2 |      52 |       9 |  14.8 |      22 |       5 |  18.5
        D:3 |      11 |       0 |   0.0 |       5 |       0 |   0.0
            +---------+---------+-------+---------+---------+-------
